 Dungeon Crawl Stone Soup version 0.28.0-53-g5a82cb258f (webtiles) character file.

Game seed: 12068611110110830566

2440 safid the Geomancer (level 9, 0/56 HPs)
             Began as a Gargoyle Earth Elementalist on Sept 1, 2022.
             Was a Follower of Vehumet.
             Slain by an orc warrior
             ... wielding a +0 flail
              (8 damage)
             ... on level 6 of the Dungeon.
             The game lasted 00:11:00 (7449 turns).

safid the Geomancer (Gargoyle Earth Elementalist)   Turns: 7449, Time: 00:11:00

Health: 0/56       AC:  9    Str: 12    XL:     9   Next: 49%
Magic:  5/18       EV: 12    Int: 20    God:    Vehumet [*.....]
Gold:   290        SH:  0    Dex: 10    Spells: 8/20 levels left

rFire   . . .      SeeInvis .   n - +2 dagger (elec)
rCold   . . .      Faith    .   (no shield)
rNeg    + . .      Spirit   .   r - +0 robe {Will+}
rPois   ∞          Reflect  .   (no helmet)
rElec   +          Harm     .   e - +0 cloak
rCorr   .          Rampage  .   (no gloves)
Will    +....                   (no boots)
Stlth   ++........              (no amulet)
HPRegen 0.18/turn               (no ring)
MPRegen 0.16/turn               (no ring)

@: no status effects
A: sickness immunity, AC +6, negative energy resistance 1, electricity
resistance, torment resistance 1, petrification resistance
a: Renounce Religion


You were on level 6 of the Dungeon.
You worshipped Vehumet.
Vehumet was aware of your devotion.
You visited 2 branches of the dungeon, and saw 7 of its levels.

You collected 290 gold pieces.

Inventory:

Hand Weapons
 n - a +2 dagger of electrocution (weapon)
Missiles
 b - 4 curare-tipped darts
 c - 233 stones
Armour
 e - a +0 cloak (worn)
 r - a +0 robe of willpower (worn)
Jewellery
 s - an amulet of regeneration
Wands
 l - a wand of paralysis (11)
Scrolls
 a - 2 scrolls of fear
 d - 2 scrolls of noise
 f - a scroll of brand weapon {unknown}
 h - 2 scrolls of immolation
 j - 2 scrolls of magic mapping
 q - a scroll of amnesia {unknown}
 t - a scroll of teleportation {unknown}
 u - a scroll of vulnerability {unknown}
 v - a scroll of blinking {unknown}
Potions
 g - a potion of brilliance {unknown}
 i - a potion of lignification {unknown}
 k - a potion of invisibility {unknown}
 m - 2 potions of might {unknown}
 o - a potion of curing
 p - a potion of attraction {unknown}
 w - 2 potions of degeneration


   Skills:
 + Level 6.9 Fighting
 - Level 2.0 Dodging
 - Level 2.1 Stealth
 + Level 6.2 Spellcasting
 + Level 5.5 Conjurations
 - Level 1.0 Transmutations
 + Level 8.6 Earth Magic


You had 8 spell levels left.
You knew the following spells:

 Your Spells              Type           Power      Damage    Failure   Level
a - Sandblast             Erth           80%        2d17      1%          1
b - Stone Arrow           Conj/Erth      68%        3d11      1%          3
c - Lehudib's Crystal Sp  Conj/Erth      17%        10d5      100%        8

Your spell library contained the following spells:

 Spells                   Type           Power      Damage    Failure   Level
 Freeze                   Ice            24%        1d5       11%         1
 Passwall                 Tmut/Erth      20%        N/A       2%          2
 Animate Skeleton         Necr           12%        N/A       11%         1
 Apportation              Tloc           12%        N/A       11%         1
 Summon Small Mammal      Summ           24%        N/A       11%         1
 Petrify                  Tmut/Erth      25%        N/A       14%         4
 Animate Armour           Summ/Erth      46%        N/A       17%         4
 Gell's Gravitas          Tloc           6%         N/A       30%         3
 Lesser Beckoning         Tloc           6%         N/A       30%         3
 Teleport Other           Tloc           6%         N/A       30%         3


Dungeon Overview and Level Annotations

Branches:
Dungeon (6/15)             Temple (1/1) D:4

Altars:
Ashenzari
Cheibriados
Dithmenos
Elyvilon
Fedhas
Gozag
Hepliaklqana
Kikubaaqudgha
Makhleb
Nemelex Xobeh
Okawaru
Qazlal
Ru
Sif Muna
Trog
Uskayaw
Vehumet
Wu Jian
Xom
Yredelemnul
Zin
The Shining One

Annotations:
D:5 Sigmund


Innate Abilities, Weirdness & Mutations

You are immune to sickness and miasma.
Your stone body is resilient. (AC +6)
You are immune to poison.
You resist negative energy. (rN+)
You are resistant to electric shocks. (rElec)
You are resistant to unholy torment.
You are immune to petrification.


Message History

Casting: Stone Arrow (safe; 1% risk of failure)
Confirm with . or Enter, or press ? or * to list all spells.
Aiming: Stone Arrow (safe; 1% risk of failure)
Press: ? - help, Shift-Dir - straight line, f - vampire mosquito
Aim: a vampire mosquito (almost destroyed, 57% to hit)
The stone arrow hits the vampire mosquito.
You destroy the vampire mosquito!
Vehumet accepts your kill.
Unknown command.
Casting: Stone Arrow (safe; 1% risk of failure)
Confirm with . or Enter, or press ? or * to list all spells.
Aiming: Stone Arrow (safe; 1% risk of failure)
Press: ? - help, Shift-Dir - straight line, f - orc warrior
Aim: an orc warrior, wielding a +0 flail and wearing a +0 chain mail (71% to hit)
The stone arrow hits the orc warrior!!
The orc warrior is severely wounded.
The orc warrior barely misses you.
Casting: Stone Arrow (safe; 1% risk of failure)
Confirm with . or Enter, or press ? or * to list all spells.
Aiming: Stone Arrow (safe; 1% risk of failure)
Press: ? - help, Shift-Dir - straight line, f/p - orc warrior
Aim: an orc warrior, wielding a +0 flail and wearing a +0 chain mail (severely wounded, 71% to hit)
The stone arrow misses the orc warrior.
The orc warrior hits you with a +0 flail!
* * * LOW HITPOINT WARNING * * *
Casting: Stone Arrow (safe; 1% risk of failure)
Confirm with . or Enter, or press ? or * to list all spells.
Aiming: Stone Arrow (safe; 1% risk of failure)
Press: ? - help, Shift-Dir - straight line, f/p - orc warrior
Aim: an orc warrior, wielding a +0 flail and wearing a +0 chain mail (severely wounded, 71% to hit)
The stone arrow misses the orc warrior.
The orc warrior closely misses you.
Unknown command.
Casting: Stone Arrow (safe; 1% risk of failure)
Confirm with . or Enter, or press ? or * to list all spells.
Aiming: Sandblast (safe; 1% risk of failure)
Press: ? - help, Shift-Dir - straight line, f/p - orc warrior
Aim: an orc warrior, wielding a +0 flail and wearing a +0 chain mail (severely wounded, 81% to hit)
The blast of sand misses the orc warrior.
The orc warrior hits you with a +0 flail!
You die...

#..##...................
## #....................
#..._................
####................##.
#......................
##.....#########........
#......## #........
##..##..##.# #........
#.> #.@o.# #........
##.....##.# #........
###...# .. #........
#...# ## #........ .#####
#........
....#########........
...................##
................#.###
#....)#...[.#......>#....


You could see an orc warrior.

Vanquished Creatures
  A hornet (D:5)
  2 steam dragons (D:6)
  A vampire mosquito (D:6)
  Edmund (D:6)
  2 water moccasins
  An ice beast (D:4)
  2 sky beasts
  2 necrophages (D:5)
  2 ogres (D:5)
  2 phantoms
  A centaur (D:6)
  A kobold brigand (D:4)
  A bullfrog (D:5)
  2 scorpions (D:5)
  2 water moccasin skeletons
  A centaur zombie (D:6)
  A bullfrog zombie (D:6)
  A hound (D:6)
  A bullfrog skeleton (D:4)
  2 jellies (D:6)
  An iguana (D:5)
  A killer bee zombie (D:6)
  5 adders
  A white imp (D:6)
  An ufetubus (D:4)
  4 worms
  7 orcs
  6 ball pythons
  5 bats
  7 endoplasms
  4 giant cockroaches
  9 goblins
  7 hobgoblins
  6 jackals (D:1)
  3 quokkas
  2 frilled lizards
  8 kobolds
  A quokka skeleton (D:4)
  3 rats
110 creatures vanquished.

Notes
Turn   | Place    | Note
-------+----------+-------------------------------------------
     0 | D:1      | safid the Gargoyle Earth Elementalist began the quest for
                  | the Orb.
     0 | D:1      | Reached XP level 1. HP: 10/10 MP: 3/3
   318 | D:1      | Reached skill level 1 in Transmutations
   318 | D:1      | Reached XP level 2. HP: 16/16 MP: 5/5
   405 | D:1      | Found a faded altar of an unknown god.
  1054 | D:1      | Reached skill level 1 in Fighting
  1280 | D:2      | Reached skill level 4 in Earth Magic
  1280 | D:2      | Reached XP level 3. HP: 15/20 MP: 6/6
  1666 | D:2      | Found a shimmering altar of Xom.
  2023 | D:3      | Reached XP level 4. HP: 21/26 MP: 7/7
  2298 | D:3      | You fall into a shaft and drop 2 floors!
  2298 | D:5      | Entered Level 5 of the Dungeon
  2298 | D:5      | Noticed a phantom
  2308 | D:5      | Killed a phantom
  2309 | D:5      | Reached XP level 5. HP: 22/31 MP: 0/9
  2769 | D:3      | Reached skill level 5 in Earth Magic
  3181 | D:4      | Noticed a kobold brigand
  3195 | D:4      | Killed a kobold brigand
  3196 | D:4      | Reached XP level 6. HP: 5/37 MP: 3/11
  3202 | D:4      | Learned a level 3 spell: Stone Arrow
  3631 | D:4      | Found a staircase to the Ecumenical Temple.
  3658 | Temple   | Entered the Ecumenical Temple
  3762 | Temple   | Became a worshipper of Vehumet
  4434 | D:5      | Noticed a sky beast
  4444 | D:5      | Killed a sky beast
  4445 | D:5      | Reached skill level 1 in Conjurations
  4445 | D:5      | Reached XP level 7. HP: 43/43 MP: 9/13
  4527 | D:5      | Noticed Sigmund
  4584 | D:4      | Reached skill level 6 in Earth Magic
  5020 | D:5      | Noticed a hornet
  5024 | D:5      | Killed a hornet
  5025 | D:5      | Reached skill level 5 in Fighting
  5025 | D:5      | Reached XP level 8. HP: 49/49 MP: 4/15
  5042 | D:5      | Learned a level 8 spell: Lehudib's Crystal Spear
  5328 | D:5      | Reached skill level 7 in Earth Magic
  5445 | D:5      | Reached skill level 5 in Spellcasting
  6576 | D:6      | Reached * piety under Vehumet
  6576 | D:6      | Offered knowledge of Freeze by Vehumet.
  6577 | D:6      | Reached XP level 9. HP: 32/55 MP: 7/17
  6713 | D:6      | Noticed Edmund
  6728 | D:6      | Killed Edmund
  6729 | D:6      | Reached skill level 8 in Earth Magic
  6759 | D:5      | Reached skill level 5 in Conjurations
  7372 | D:6      | Found a shimmering altar of Xom.
  7449 | D:6      | Slain by an orc warrior

Illustrated notes

Levels and vault maps discovered:
D:1:      heliophobic_arrival_ceremonial_halls, layout_loops_ring,
          hellmonk_ecumenical_altar_pennies_from_heaven
D:2:      layout_basic, basic_altar
D:3:      layout_basic
D:4:      layout_gridville, minmay_temple_entry_large_hall
D:5:      layout_cave_pods, uniq_sigmund
D:6:      minmay_cornered_nines, layout_cave_pools, overflow_temple_1_default,
          hangedman_decor_push, uniq_edmund
Temple:   kilobyte_greek_temple

Skill      XL: |  1  2  3  4  5  6  7  8  9 |
---------------+----------------------------+-----
Transmutations | 1 |  1.0
Fighting       | 1 2 3 4 5 6 |  6.9
Earth Magic    | 4 5 6 7 8 |  8.6
Dodging        | 2 |  2.0
Spellcasting   | 3 4 5 6 |  6.2
Conjurations   | 1 3 4 5 |  5.5
Stealth        | |  2.1

Action                   |  1- 3 |  4- 6 |  7- 9 || total
-------------------------+-------+-------+-------++-------
Melee: Club              |    34 |       |       ||    34
       Unarmed           |     6 |       |       ||     6
       Short sword       |    22 |       |       ||    22
       Dagger            |    33 |   119 |    61 ||   213
 Cast: Sandblast         |     9 |    20 |    36 ||    65
       Stone Arrow       |       |       |    40 ||    40
  Use: Scroll            |       |       |     5 ||     5
 Stab: Sleeping          |     5 |     7 |       ||    12
Armor: Robe              |    36 |    35 |    52 ||   123
Dodge: Dodged            |    77 |    82 |    81 ||   240
